 Dungeon Sprint DCSS version 0.16-a0-3325-g64f94fb (webtiles) character file.

30 BluebellGnoll the Fighter (level 3, -3/48 HPs)
             Began as an Ogre Arcane Marksman on Dec 27, 2014.
             Was an Initiate of Vehumet.
             Slain by a crimson imp
             ... wielding a +4 quarterstaff of speed
              (5 damage)
             ... in the Dungeon (Sprint IX: "|||||||||||||||||||||||||||||").
             The game lasted 00:02:41 (325 turns).

BluebellGnoll the Fighter (Ogre Arcane Marksman)     Turns: 325, Time: 00:02:41

Health: -3/48      AC:  3    Str: 16    XL:     3   Next: 18%
Magic:  4/4        EV: 10    Int: 13    God:    Vehumet [......]
Gold:   0          SH:  0    Dex:  9    Spells: 1 memorised, 3 levels left

rFire  . . .     SeeInvis .     (no weapon)
rCold  . . .     Clarity  .     a - +0 robe
rNeg   . . .     SustAb   .     (shield restricted)
rPois  .         Gourm    .     (helmet restricted)
rElec  .         Spirit   .     (no cloak)
rCorr  .         Warding  .     (gloves unavailable)
rMut   .         NoTele   +     (boots unavailable)
MR     .....                    (no amulet)
Stlth  +.........               (no ring)
                                (no ring)

@: exhausted, slowed, very slow, not resistant to hostile enchantments, very
unstealthy
A: unfitting armour, tough skin 1
a: Renounce Religion


You were in the Dungeon.
You worshipped Vehumet.
Vehumet was noncommittal.
You were not hungry.

You visited 1 branch

Inventory:

Hand weapons
 j - a +2 dire flail of protection
Missiles
 b - 4 large rocks
 c - a throwing net (quivered)
Armour
 a - a +0 robe (worn)
Magical devices
 m - a wand of draining (7)
Scrolls
 h - 3 scrolls of remove curse
 k - 2 scrolls of blinking
 l - 2 scrolls of amnesia
Potions
 e - 5 potions of curing
 g - 3 potions of heal wounds
 i - 4 potions of magic
 n - a potion of invisibility
Books
 d - a book of Debilitation

   Spells                             Type                      Level
   a - Corona                         Hexes                        1
   b - Slow                           Hexes                        2
   c - Inner Flame                    Hexes/Fire                   3
   d - Enslavement                    Hexes                        4
   e - Cause Fear                     Hexes                        4
   f - Leda's Liquefaction            Hexes/Earth                  4
Comestibles
 f - a meat ration


   Skills:
 + Level 8.0 Fighting
 - Level 2.1 Throwing
 - Level 1.7 Dodging
 - Level 1.2 Spellcasting
 - Level 2.1 Hexes


You had 3 spell levels left.
You knew the following spells:

 Your Spells              Type           Power        Failure   Level  Hunger
a - Corona                Hex            #......      14%         1    ##.....


Dungeon Overview and Level Annotations

Branches:
Dungeon (1/1)

Altars:
Cheibriados
Dithmenos
Elyvilon
Fedhas
Gozag
Kikubaaqudgha
Makhleb
Nemelex Xobeh
Okawaru
Qazlal
Ru
Sif Muna
Trog
Vehumet
Xom
Yredelemnul
Zin
The Shining One
Beogh
Jiyva
Lugonu


Innate Abilities, Weirdness & Mutations

You are too large for most types of armour.
You have tough skin (AC +1).


Message History

Items here: ))))) a +2 scimitar of holy wrath; a +2 halberd of venom a +2 dire flail of protection; a +1 broad axe of freezing a +2 rapier of draining
j - a +2 dire flail of protection You are too berserk!
You feel your anger subside.
You are no longer berserk.
You are exhausted.
You feel yourself slow down.
You see here an uncursed staff of energy.
You hit the crimson imp.
The crimson imp is lightly wounded.
The crimson imp hits you with a +4 quarterstaff of speed.
* * * LOW HITPOINT WARNING * * *
The crimson imp closely misses you.
Unknown command.
You barely miss the crimson imp.
The crimson imp hits you with a +4 quarterstaff of speed.
You die...

▓+▓
▓=▓
▓=▓
▓[▓
▓[▓
▓[▓
▓)▓
▓@▓
▓5▓
▓.▓
▓'▓
▓_▓
▓_▓
▓_▓
▓_▓
▓_▓


You could see a crimson imp.

Vanquished Creatures
  A worker ant (D)
  A bat skeleton (D)
  2 bats (D)
  A jackal (D)
  A kobold (D)
  A quokka (D)
  2 rats (D)
9 creatures vanquished.

Notes
Turn   | Place    | Note
--------------------------------------------------------------
     0 | D        | BluebellGnoll, the Ogre Arcane Marksman, began the quest for the Orb.
     0 | D        | Reached XP level 1. HP: 19/19 MP: 2/2
     8 | D        | Reached skill level 3 in Fighting
    23 | D        | Reached skill level 4 in Fighting
   209 | D        | Noticed a crimson imp
   209 | D        | Noticed a worker ant
   222 | D        | Killed a worker ant
   222 | D        | Reached skill level 7 in Fighting
   222 | D        | Reached XP level 2. HP: 11/41 MP: 1/3
   222 | D        | Reached XP level 3. HP: 12/48 MP: 1/4
   230 | D        | Reached skill level 8 in Fighting
   279 | D        | Found a glowing silver altar of Zin.
   279 | D        | Found a glowing golden altar of the Shining One.
   279 | D        | Found an ancient bone altar of Kikubaaqudgha.
   279 | D        | Found a basalt altar of Yredelemnul.
   279 | D        | Found a shimmering altar of Xom.
   279 | D        | Found a radiant altar of Vehumet.
   279 | D        | Found an iron altar of Okawaru.
   280 | D        | Found a burning altar of Makhleb.
   281 | D        | Found a deep blue altar of Sif Muna.
   282 | D        | Found a bloodstained altar of Trog.
   283 | D        | Found a sparkling altar of Nemelex Xobeh.
   284 | D        | Found a white marble altar of Elyvilon.
   285 | D        | Found a roughly hewn altar of Beogh.
   286 | D        | Found a viscous altar of Jiyva.
   287 | D        | Found a corrupted altar of Lugonu.
   289 | D        | Became a worshipper of Vehumet
   291 | D        | Found a blossoming altar of Fedhas.
   292 | D        | Found a snail-covered altar of Cheibriados.
   293 | D        | Found a shadowy altar of Dithmenos.
   294 | D        | Found a stormy altar of Qazlal.
   295 | D        | Found an opulent altar of Gozag.
   296 | D        | Found a sacrificial altar of Ru.
   324 | D        | HP: 2/48 [crimson imp/+4 quarterstaff of speed (5)]
   325 | D        | Slain by a crimson imp

Action                   || total
-------------------------++-------
Melee: Unarmed           ||    49
Throw: Large rock        ||     2
       Throwing net      ||     2
 Cast: Corona            ||     2
  Use: Potion            ||     2
